 Dungeon Crawl Stone Soup version 0.21.1-1-g345015f (webtiles) character file.

137 gerrrit the Shield-Bearer (level 5, -1/33 HPs)
             Began as a Gargoyle Fighter on Apr 2, 2018.
             Slain by an ogre
             ... wielding a +0 giant club
              (4 damage)
             ... on level 3 of the Dungeon.
             The game lasted 00:10:12 (1659 turns).

gerrrit the Shield-Bearer (Gargoyle Fighter)        Turns: 1659, Time: 00:10:13

Health: -1/33      AC: 11    Str: 20    XL:     5   Next: 20%
Magic:  5/5        EV:  7    Int:  9    God:
Gold:   131        SH:  9    Dex:  9    Spells: 4/4 levels left

rFire    . . .     SeeInvis +   a - +1 flail
rCold    . . .     Gourm    .   c - +0 shield
rNeg     + . .     Faith    .   b - +0 scale mail
rPois    ∞         Spirit   .   (no helmet)
rElec    +         Reflect  .   (no cloak)
rCorr    .         Harm     .   (no gloves)
MR       .....                  (no boots)
Stlth    ..........             (no amulet)
HPRegen  0.11/turn              g - ring of see invisible
MPRegen  0.09/turn              (no ring)

@: no status effects
A: negative energy resistance 1, electricity resistance, unbreathing,
petrification resistance, rot immunity, AC +4
a: no special abilities


You were on level 3 of the Dungeon.
You were not hungry.

You visited 1 branch of the dungeon, and saw 3 of its levels.

You collected 131 gold pieces.

Inventory:

Hand Weapons
 a - a +1 flail (weapon)
 j - a cursed -2 dagger
 m - a +4 hunting sling
Missiles
 o - 16 stones (quivered)
 r - 13 sling bullets
Armour
 b - a +0 scale mail (worn)
 c - a +0 shield (worn)
Jewellery
 g - a ring of see invisible (left hand)
 i - a cursed amulet of inaccuracy
Scrolls
 q - a scroll of identify
Potions
 d - a potion of might
 e - a potion of heal wounds
 h - a potion of lignification
 k - a potion of cancellation
 l - a potion of mutation {unknown}
 n - a potion of agility {unknown}
 p - a potion of brilliance {unknown}
Comestibles
 f - 3 rations


   Skills:
 + Level 3.7 Fighting
 + Level 3.3 Maces & Flails
 + Level 4.1 Armour
 + Level 0.5 Dodging
 + Level 4.3 Shields


You had 4 spell levels left.
You didn't know any spells.

Dungeon Overview and Level Annotations

Branches:
Dungeon (3/15)

Altars:
Hepliaklqana
Xom


Innate Abilities, Weirdness & Mutations

You are resistant to torment.
Your stone body is resilient. (AC +4)
You are immune to poison.
You resist negative energy. (rN+)
You are resistant to electric shocks. (rElec)
You can survive without breathing.
You are immune to petrification.
You are immune to rotting.


Message History

Press: ? - help, Shift-Dir - straight line, f/p - ogre
Aim: an ogre, wielding a giant club You shoot a stone.
The stone hits the ogre.
The ogre is lightly wounded.
a - a +1 flail (weapon)
You barely miss the ogre.
The ogre is lightly wounded.
You block the ogre's attack.
You hit the ogre but do no damage.
The ogre is lightly wounded.
The ogre barely misses you.
You sock the ogre!
The ogre is severely wounded.
The ogre hits you with a giant club!!
Ouch! That really hurt!
* * * LOW HITPOINT WARNING * * *
You hit the ogre.
The ogre is almost dead.
The ogre hits you with a giant club.
You die...

#(.#.# #..#.#
#..#.# ###..#.#
..(.#.#
..#####$##.#####.#
........O........#
####.@......)#
#.........####.#
#.#######†#
######.####.##
#..(.<........
#.####.####.## #.#
#.# #.#


You could see an ogre.

Vanquished Creatures
  A bullfrog zombie (D:2)
  6 adders
  An ooze (D:1)
  A dart slug (D:1)
  5 bats
  2 giant cockroaches
  4 goblins
  5 hobgoblins
  4 jackals (D:1)
  7 kobolds
  A quokka (D:2)
  A ball python (D:2)
  A frilled lizard (D:1)
  6 rats
45 creatures vanquished.

Notes
Turn   | Place    | Note
-------+----------+-------------------------------------------
     0 | D:1      | gerrrit the Gargoyle Fighter began the quest for the Orb.
     0 | D:1      | Reached XP level 1. HP: 14/14 MP: 1/1
    75 | D:1      | Reached XP level 2. HP: 17/19 MP: 2/2
   402 | D:1      | Reached XP level 3. HP: 22/23 MP: 3/3
   990 | D:2      | Reached XP level 4. HP: 28/28 MP: 4/4
  1240 | D:2      | Found a shimmering altar of Xom.
  1245 | D:2      | Found a hazy altar of Hepliaklqana.
  1245 | D:2      | Noticed an earth elemental
  1246 | D:2      | Noticed an earth elemental
  1246 | D:2      | Noticed a spectral ugly thing
  1383 | D:2      | Reached XP level 5. HP: 31/33 MP: 5/5
  1649 | D:3      | Noticed an ogre
  1659 | D:3      | Slain by an ogre

Skill      XL: |  1  2  3  4 |
---------------+-------------+-----
Shields        | 4 |  4.3
Maces & Flails | 3 |  3.3
Armour         | 4 |  4.1
Fighting       | |  3.7
Dodging        | |  0.5

Action                   |  1- 3 |  4- 6 || total
-------------------------+-------+-------++-------
Melee: Flail             |   115 |    60 ||   175
       Hunting sling     |     1 |       ||     1
 Fire: Hunting sling     |       |     2 ||     2
  Use: Scroll            |     5 |     3 ||     8
  Eat: Ration            |       |     1 ||     1
Armor: Scale mail        |    75 |    34 ||   109
Dodge: Dodged            |    44 |    18 ||    62
Block: Shield            |    69 |    21 ||    90
